 Dungeon Crawl Stone Soup version 0.31.0-32-g396128a36d (webtiles) character file.

Game seed: 16788134018900361763

4167 ChrisAssaf the Grave Robber (level 10, -10/70 HPs)
             Began as a Human Necromancer on Mar 29, 2024.
             Was a Believer of Makhleb.
             Mangled by a two-headed ogre
             ... wielding a +0 giant club
              (22 damage)
             ... on level 8 of the Dungeon.
             The game lasted 00:37:51 (7593 turns).

ChrisAssaf the Grave Robber (Human Necromancer)     Turns: 7593, Time: 00:37:52

Health: -10/70     AC: 14    Str: 12    XL:     10   Next: 28%
Magic:  2/17       EV: 11    Int: 17    God:    Makhleb [**....]
Gold:   83         SH:  0    Dex: 13    Spells: 0/19 levels left

rFire   + + .        z - +9 staff of Olgreb {rPois∞}
rCold   . . .        (no shield)
rNeg    . . .        u - +3 ring mail {rF+}
rPois   ∞            (no helmet)
rElec   .            G - +1 cloak
rCorr   .            t - +2 pair of gloves
SInv    .            (no boots)
Will    .....        l - amulet of regeneration
Stlth   ++           f - ring of wizardry
HPRegen 1.11/turn    b - ring of protection from fire
MPRegen 0.15/turn

%: wizardry (x1)
@: very slightly contaminated
A: explore regen
a: Renounce Religion, Evoke the Staff of Olgreb, Minor Destruction


You were on level 8 of the Dungeon.
You worshipped Makhleb.
Makhleb was pleased with you.
You visited 1 branch of the dungeon, and saw 8 of its levels.

You collected 1075 gold pieces.
You spent 992 gold pieces at shops.

Inventory:

Hand Weapons
 z - the +9 staff of Olgreb (weapon) {rPois∞}
   (You acquired it on level 5 of the Dungeon)

   Radiate:   It can be activated via the 'a'bility menu to radiate toxic
   energy, with effectiveness depending on Evocations skill.
   Alch:      It enhances your alchemy magic.
   rPois∞: It grants immunity to poison.
Missiles
 H - a throwing net
Armour
 t - a +2 pair of gloves (worn)
 u - a +3 ring mail of fire resistance (worn)
 y - a scarf of invisibility
 E - the +7 chain mail of Lust {rPois Dex+5}
   (You bought it in a shop on level 7 of the Dungeon)

   Dex+5:     It affects your dexterity (+5).
   rPois:     It protects you from poison
 G - a +1 cloak (worn)
Jewellery
 b - a ring of protection from fire (right hand)
 f - a ring of wizardry (left hand)
 l - an amulet of regeneration (around neck)
 C - an amulet of reflection
 F - a +6 ring of intelligence
Wands
 v - a wand of paralysis (8)
 w - a wand of quicksilver (17)
 A - a wand of polymorph (10)
 B - a wand of flame (14)
Scrolls
 d - a scroll of poison
 j - 3 scrolls of revelation
 o - 3 scrolls of teleportation
 p - 3 scrolls of fog
 r - 2 scrolls of immolation
 s - 3 scrolls of blinking
 x - a scroll of noise
 D - a scroll of summoning {unknown}
 J - a scroll of identify
Potions
 a - a potion of attraction {unknown}
 c - a potion of haste {unknown}
 e - 3 potions of curing
 g - a potion of resistance {unknown}
 h - a potion of invisibility
 i - 2 potions of heal wounds {unknown}
 k - a potion of brilliance
 m - 2 potions of ambrosia {unknown}
 n - a potion of might {unknown}
 q - a potion of mutation {unknown}
 I - a potion of degeneration {unknown}


   Skills:
 * Level 3.6 Fighting
 - Level 2.5 Short Blades
 * Level 2.6 Staves
 * Level 2.7 Throwing
 * Level 4.1 Armour
 * Level 4.1 Dodging
 * Level 4.5 Stealth
 * Level 5.2 Spellcasting
 * Level 3.0 Hexes
 * Level 3.2 Summonings
 * Level 6.6 Necromancy
 * Level 3.0 Translocations
 * Level 3.1 Ice Magic
 * Level 3.1 Invocations
 * Level 3.1 Evocations


You couldn't memorise any spells.
You knew the following spells:

 Your Spells              Type           Power      Damage    Failure   Level
a - Necrotise             Necr           100%       1d9       1%          1
b - Vampiric Draining     Necr           26%        2d7       2%          3
c - Call Imp              Summ           30%        N/A       4%          2
d - Blink                 Tloc           28%        N/A       5%          2
e - Ensorcelled Hibernat  Hex/Ice        28%        N/A       5%          2
f - Animate Dead          Necr           26%        N/A       8%          4
g - Curse of Agony        Necr           26%        N/A       21%         5

Your spell library contained the following spells:

 Spells                   Type           Power      Damage    Failure   Level
 Lesser Beckoning         Tloc           28%        N/A       5%          2
 Gell's Gravitas          Tloc           14%        N/A       11%         3
 Teleport Other           Tloc           14%        N/A       11%         3
 Magic Dart               Conj           16%        1d3       12%         1
 Martyr's Knell           Necr/Summ      21%        N/A       16%         4
 Passwall                 Erth           4%         N/A       32%         3
 Swiftness                Air            4%         N/A       32%         3


Dungeon Overview and Level Annotations

Branches:
Dungeon (8/15)             Temple (0/1) D:6
   Lair: D:8-11

Altars:
Cheibriados
Gozag
Kikubaaqudgha
Makhleb
Okawaru
Ru
Trog
Uskayaw
Vehumet
Wu Jian
The Shining One

Shops:
D:2 *=?   D:7 [


Innate Abilities, Weirdness & Mutations

You regain HP and MP as you explore.


Message History

Press: ? - help, Q - select action, (/) - cycle Shift-Dir - straight line, f/p - two-headed ogre
Aim: a two-headed ogre, wielding a +0 giant club and a +0 giant spiked club (severely wounded, ally target)
You miscast Vampiric Draining.
You are very lightly contaminated with residual magic.
Nothing appears to happen.
The two-headed ogre hits you with a +0 giant club!!
* * * LOW HITPOINT WARNING * * *
The two-headed ogre hits you with a +0 giant spiked club!
* * * LOW HITPOINT WARNING * * *
Your orc zombie hits the two-headed ogre but does no damage. x2
Aiming: Vampiric Draining (mildly dangerous; 2% risk of failure)
Press: ? - help, Q - select action, (/) - cycle Shift-Dir - straight line, f/p - two-headed ogre
Aim: a two-headed ogre, wielding a +0 giant club and a +0 giant spiked club (severely wounded, not watching you, ally target)
You draw life force from the two-headed ogre!
You feel life coursing into your body.
Blink to where?
Press: ? - help, Dir - move target, p - two-headed ogre
As you read the scroll of blinking, it crumbles to dust.
Aiming: Throw Flame
Press: ? - help, Shift-Dir - straight line, f - two-headed ogre
Aim: a two-headed ogre, wielding a +0 giant club and a +0 giant spiked club (translocational energy, almost dead, ally target, 86% to hit)
The puff of flame misses the two-headed ogre.
Unknown command.
Casting: Vampiric Draining (mildly dangerous; 2% risk of failure)
Confirm with . or Enter, or press ? or * to list all spells.
Aiming: Necrotise (safe; 1% risk of failure)
Press: ? - help, Shift-Dir - straight line, f/p - two-headed ogre
Aim: a two-headed ogre, wielding a +0 giant club and a +0 giant spiked club (almost dead, ally target, chance to affect: 70%)
The two-headed ogre struggles to resist.
Unknown command.
Casting: Necrotise (safe; 1% risk of failure)
Confirm with . or Enter, or press ? or * to list all spells.
Aiming: Necrotise (safe; 1% risk of failure)
Press: ? - help, Shift-Dir - straight line, f/p - two-headed ogre
Aim: a two-headed ogre, wielding a +0 giant club and a +0 giant spiked club (almost dead, ally target, chance to affect: 70%)
The two-headed ogre writhes in agony!
The two-headed ogre hits you with a +0 giant club!
* * * LOW HITPOINT WARNING * * *
The two-headed ogre hits you with a +0 giant spiked club!!
You die...

#.#######.##......####
##.....................
#......#...##......##
#.>.##.#.######...##
#.#.<..#.# ####...# #
##..Z#.# #......#
#....#.Z.# #......#
######..O###......#######
#..@...............#
#....###..≈≈≈≈≈≈≈..#
#....# ##...≈≈≈≈≈≈..
#....# #.8...._≈≈.#
#.#<.. #...≈≈≈≈≈≈.#
#.##.##.#.≈≈≈≈≈≈≈... ..
....#..........# ... .#
#............ ... .#
#.......##..#


You could see a two-headed ogre (ally target) and 2 friendly orc zombies.

Vanquished Creatures
  Pikel (D:5)
  Grinder (D:5)
  Sigmund (D:5)
  A wyvern (D:7)
  2 water moccasins
  2 sky beasts
  An ogre (D:5)
  3 centaurs
  A lemure (D:5)
  2 phantoms
  4 bullfrogs
  2 scorpions (D:6)
  5 wights (D:6)
  2 howler monkeys (D:4)
  3 electric eels (D:6)
  5 hounds
  2 bombardier beetles
  An orc priest (D:6)
  3 jellies
  A gnoll bouda (D:8)
  Jessica (D:3)
  3 iguanas
  16 orc wizards
  4 sleepcaps
  4 gnolls (D:8)
  7 adders
  4 shadow imps
  2 white imps
  10 dart slugs
  4 ribbon worms
  16 orcs
  2 bats
  5 endoplasms
  3 giant cockroaches
  8 goblins
  5 hobgoblins
  8 jackals
  7 kobolds
  6 quokkas
  5 ball pythons
  6 frilled lizards
  6 rats
175 creatures vanquished.

Vanquished Creatures (collateral kills)
  Edmund (D:5)
  A bullfrog (D:8)
  2 hounds
  An orc wizard (D:8)
  A white imp (D:7)
  2 dart slugs (D:4)
  3 orcs
  2 endoplasms
  A hobgoblin (D:4)
  A quokka (D:3)
  A frilled lizard (D:1)
  A kobold (D:1)
17 creatures vanquished.

Vanquished Creatures (others)
  A water moccasin zombie (D:8)
1 creature vanquished.

Grand Total: 193 creatures vanquished

Notes
Turn   | Place    | Note
-------+----------+-------------------------------------------
     0 | D:1      | ChrisAssaf the Human Necromancer began the quest for the
                  | Orb.
     0 | D:1      | Reached XP level 1. HP: 13/13 MP: 3/3
   239 | D:1      | Identified a scroll of acquirement
   239 | D:1      | Acquired 697 gold pieces
   305 | D:1      | Reached XP level 2. HP: 19/19 MP: 1/5
   688 | D:1      | Reached XP level 3. HP: 22/25 MP: 2/6
   742 | D:1      | Learned a level 3 spell: Vampiric Draining
  1451 | D:2      | Found Ofecelum's Jewellery Shoppe.
  1467 | D:2      | Bought an amulet of regeneration for 360 gold pieces
  1508 | D:2      | Reached XP level 4. HP: 31/31 MP: 7/7
  1822 | D:2      | Found Xeicygil's Magic Scroll Shop.
  1887 | D:2      | Bought a scroll of immolation for 48 gold pieces
  1887 | D:2      | Bought a scroll of revelation for 90 gold pieces
  1887 | D:2      | Bought a scroll of blinking for 90 gold pieces
  1887 | D:2      | Bought a scroll of brand weapon for 114 gold pieces
  1887 | D:2      | Bought a scroll of identify for 24 gold pieces
  1905 | D:2      | Found Sowkoud's General Store.
  1923 | D:2      | Bought a potion of brilliance for 48 gold pieces
  2138 | D:3      | Reached skill level 1 in Short Blades
  2148 | D:3      | Reached skill level 1 in Fighting
  2158 | D:3      | Reached XP level 5. HP: 35/37 MP: 0/8
  2260 | D:3      | Learned a level 2 spell: Call Imp
  2263 | D:3      | Learned a level 2 spell: Blink
  2557 | D:4      | Reached skill level 1 in Armour
  2557 | D:4      | Reached skill level 5 in Necromancy
  2603 | D:4      | Reached XP level 6. HP: 30/43 MP: 1/10
  2724 | D:4      | Reached skill level 1 in Evocations
  2738 | D:4      | Found a sacrificial altar of Ru.
  2738 | D:4      | Found a burning altar of Makhleb.
  2743 | D:4      | Found an ancient bone altar of Kikubaaqudgha.
  2772 | D:4      | Became a worshipper of Makhleb the Destroyer
  2784 | D:4      | Found a bloodstained altar of Trog.
  3398 | D:3      | Found an iron altar of Okawaru.
  3413 | D:3      | Learned a level 2 spell: Ensorcelled Hibernation
  3722 | D:3      | Noticed Jessica
  3729 | D:3      | Killed Jessica
  3797 | D:5      | Entered Level 5 of the Dungeon
  3812 | D:5      | Reached XP level 7. HP: 49/49 MP: 9/11
  3817 | D:5      | Reached skill level 1 in Summonings
  3960 | D:5      | Noticed Grinder
  3972 | D:5      | Found a hide-covered altar of Uskayaw.
  3972 | D:5      | Noticed Pikel
  3997 | D:5      | Killed Pikel
  3998 | D:5      | Reached skill level 1 in Throwing
  3998 | D:5      | Reached skill level 1 in Hexes
  3998 | D:5      | Reached skill level 1 in Translocations
  3998 | D:5      | Reached skill level 1 in Ice Magic
  3998 | D:5      | Reached skill level 1 in Invocations
  3998 | D:5      | Reached XP level 8. HP: 56/56 MP: 11/13
  4003 | D:5      | Learned a level 4 spell: Animate Dead
  4173 | D:5      | Found a radiant altar of Vehumet.
  4174 | D:5      | Found a snail-covered altar of Cheibriados.
  4472 | D:5      | Reached * piety under Makhleb
  4566 | D:5      | Acquired the +9 staff of Olgreb {rPois∞}
  4566 | D:5      | Found the +9 staff of Olgreb {rPois∞}
  4864 | D:5      | Noticed Sigmund
  4873 | D:5      | Killed Sigmund
  4902 | D:5      | Noticed Edmund
  4916 | D:5      | Killed Edmund
  5187 | D:5      | Killed Grinder
  5188 | D:5      | Reached skill level 1 in Staves
  5188 | D:5      | Reached XP level 9. HP: 62/62 MP: 11/15
  5383 | D:6      | Found a staircase to the Ecumenical Temple.
  5408 | D:6      | Reached skill level 6 in Necromancy
  5447 | D:6      | Found a transporter.
  5462 | D:6      | Found a transporter.
  5885 | D:6      | Found a glowing golden altar of the Shining One.
  6435 | D:7      | Reached skill level 5 in Spellcasting
  6456 | D:7      | Reached ** piety under Makhleb
  6467 | D:7      | Reached XP level 10. HP: 70/70 MP: 17/17
  6617 | D:7      | Found Entyr's Antique Armour Emporium.
  6635 | D:7      | Bought a fading chain mail for 218 gold pieces
  6635 | D:7      | Identified the +7 chain mail of Lust {rPois Dex+5} (You
                  | bought it in a shop on level 7 of the Dungeon)
  6995 | D:7      | Noticed Maurice
  6999 | D:7      | Maurice stole a +6 ring of intelligence
  7002 | D:7      | Maurice stole 45 gold
  7005 | D:7      | Maurice changed into Maurice the hound
  7005 | D:7      | Noticed Maurice
  7006 | D:7      | Killed Maurice the hound
  7176 | D:7      | Found an opulent altar of Gozag.
  7436 | D:8      | Learned a level 5 spell: Curse of Agony
  7535 | D:8      | Found an ornate altar of the Wu Jian Council.
  7575 | D:8      | Noticed a two-headed ogre
  7593 | D:8      | Mangled by a two-headed ogre

Illustrated notes

Levels and vault maps discovered:
D:1:      wander_arrival_fairy_ring, layout_loops_corners,
          dreamdust_wishing_well, st_stairs_13, minivault_11, minmay_unequal
D:2:      layout_basic, serial_shops, nicolae_shop_tiny_glass,
          nicolae_shop_trees, nicolae_shop_waterfront
D:3:      kennysheep_slugbush, layout_basic, okawaru_ov_weapons_minmay,
          uniq_jessica
D:4:      layout_rooms, trog_book, gammafunk_temple_overflow_forgotten
D:5:      layout_layer_cave, mainiacjoe_overflow_paths,
          gammafunk_temple_overflow_pools, sigmund_edmund_badplayer, uniq_pikel,
          uniq_grinder
D:6:      gammafunk_steamed_eel, layout_rooms, mainiacjoe_overflow_alcove_1,
          minmay_temple_entry_ruins
D:7:      minmay_flawed_box, layout_basic, marbit_many_paths, serial_shops,
          nicolae_shop_dealshenge, kennysheep_flooded_box, uniq_maurice
D:8:      layout_basic, mainiacjoe_overflow_catwalk

Skill      XL: |  1  2  3  4  5  6  7  8  9 10 |
---------------+-------------------------------+-----
Short Blades   | 1 2 |  2.5
Fighting       | 1 2 3 |  3.6
Armour         | 1 2 3 4 |  4.1
Necromancy     | 5 6 |  6.6
Stealth        | 3 4 |  4.5
Spellcasting   | 3 4 5 |  5.2
Evocations     | 1 2 3 |  3.1
Summonings     | 1 2 3 |  3.2
Throwing       | 1 2 |  2.7
Dodging        | 3 4 |  4.1
Hexes          | 1 2 3 |  3.0
Translocations | 1 2 3 |  3.0
Ice Magic      | 1 2 3 |  3.1
Invocations    | 1 2 3 |  3.1
Staves         | 1 2 |  2.6

Action                     |  1- 3 |  4- 6 |  7- 9 | 10-12 || total
---------------------------+-------+-------+-------+-------++-------
  Melee: Dagger            |    65 |   182 |    86 |       ||   333
         Punch             |       |     5 |     1 |     1 ||     7
         Staff             |       |       |    78 |    72 ||   150
  Throw: Boomerang         |       |    18 |    15 |       ||    33
   Cast: Necrotise         |    30 |    12 |    10 |     6 ||    58
         Vampiric Draining |     7 |    27 |    26 |    13 ||    73
         Call Imp          |       |     8 |    10 |     4 ||    22
         Animate Dead      |       |       |       |     1 ||     1
Ability: Evoke the Staff o |       |       |     6 |     5 ||    11
  Evoke: Wand              |       |     1 |     9 |     4 ||    14
    Use: Scroll            |     2 |     5 |     8 |     1 ||    16
         Potion            |       |     2 |       |       ||     2
   Stab: Sleeping          |     1 |     3 |     1 |       ||     5
         Distracted        |       |     1 |     2 |     1 ||     4
 Armour: Robe              |    37 |    17 |       |       ||    54
         Ring mail         |       |   154 |   150 |   102 ||   406
  Dodge: Dodged            |    68 |   128 |   124 |    72 ||   392
